Map: Blackburn LE

Players

DnS

  • Race: Protoss Protoss

Lambo - Winner!

  • Race: Zerg Zerg
  • League: Grandmaster

Event: DreamHack SC2 Masters Last Chance 2022

VOD

Have the link to the VOD?

Description

Time

  • Played on: Dec. 17, 2021, 1:11 p.m.
  • Length: 25:45

All games in this series

Show
View Real Time Build Order
Export as new Build Order

DnS Protoss 

Build Orders: 1 Gate Expand, Oracle Opening, Carriers 

Get SALT Encoding   

  12  0:00  Probe  
  13  0:15  Probe  
  14  0:22  Pylon  
  14  0:27  Probe  
  15  0:40  Probe (Chrono Boost)  
  16  0:43  Gateway  
  16  0:49  Probe (Chrono Boost)  
  17  0:52  Assimilator  
  17  0:54  Probe (Chrono Boost)  
  18  1:06  Probe  
  19  1:18  Probe  
  20  1:29  Nexus  
  20  1:38  Cybernetics Core  
  20  1:41  Probe  
  21  1:47  Assimilator  
  21  1:53  Probe  
  22  1:57  Pylon  
  22  2:05  Probe (Chrono Boost)  
  23  2:15  Adept  
  25  2:17  Probe (Chrono Boost)  
  25  2:21  Stargate  
  26  2:24  Probe (Chrono Boost)  
  27  2:30  Warp Gate  
  27  2:32  Probe (Chrono Boost)  
  28  2:43  Probe (Chrono Boost)  
  28  2:44  Probe (Chrono Boost)  
  30  2:48  Adept  
  30  2:51  Probe x2 (Chrono Boost)  
  34  2:56  Probe (Chrono Boost)  
  34  2:58  Probe  
  36  3:00  Void Ray (Chrono Boost)  
  36  3:08  Probe  
  36  3:10  Probe  
  42  3:16  Pylon  
  42  3:21  Probe  
  42  3:23  Probe  
  42  3:26  Gateway  
  44  3:33  Probe  
  45  3:35  Probe, Oracle (Chrono Boost)  
  49  3:42  Assimilator  
  49  3:45  Probe  
  49  3:47  Probe  
  51  4:01  Probe x2  
  53  4:04  Nexus  
  53  4:06  Pylon  
  53  4:08  Assimilator  
  53  4:13  Probe  
  53  4:14  Assimilator  
  53  4:15  Pylon  
  54  4:24  Probe  
  55  4:25  Probe, Stargate  
  55  4:27  Protoss Air Weapons Level 1  
  56  4:35  Void Ray  
  56  4:36  Probe (Chrono Boost)  
  58  4:38  Probe (Chrono Boost)  
  58  4:41  Forge  
  62  4:48  Probe (Chrono Boost)  
  62  4:50  Pylon  
  64  4:55  Probe (Chrono Boost)  
  64  4:57  Probe (Chrono Boost)  
  65  5:02  Probe x2 (Chrono Boost)  
  64  5:08  Void Ray  
  69  5:14  Void Ray, Probe x2 (Chrono Boost)  
  74  5:23  Probe (Chrono Boost)  
  74  5:26  Probe x2 (Chrono Boost)  
  74  5:27  Robotics Facility  
  77  5:30  Shield Battery  
  77  5:32  Probe (Chrono Boost)  
  77  5:34  Probe x2 (Chrono Boost), Pylon  
  80  5:37  Probe (Chrono Boost)  
  80  5:40  Probe  
  80  5:41  Probe  
  83  5:46  Assimilator  
  83  5:48  Assimilator  
  83  5:49  Probe, Pylon  
  84  5:52  Probe  
  84  5:53  Probe  
  86  6:01  Probe  
  86  6:03  Fleet Beacon  
  87  6:04  Probe, Stargate  
  87  6:05  Probe  
  89  6:13  Probe  
  89  6:16  Probe  
  89  6:17  Observer  
  89  6:18  Probe  
  93  6:19  Robotics Bay  
  93  6:36  Nexus  
  93  6:37  Pylon x2  
  93  6:38  Probe, Pylon  
  93  6:39  Zealot x2  
  98  6:45  Carrier (Chrono Boost)  
  98  6:52  Carrier (Chrono Boost)  
  104  6:56  Photon Cannon  
  104  6:57  Photon Cannon  
  110  7:02  Carrier (Chrono Boost)  
  110  7:04  Disruptor (Chrono Boost)  
  119  7:11  Protoss Ground Weapons Level 1  
  119  7:13  Photon Cannon  
  119  7:17  Photon Cannon  
  119  7:19  Probe x3  
  119  7:20  Shield Battery  
  119  7:21  Pylon  
  122  7:24  Twilight Council  
  122  7:32  Disruptor  
  125  7:38  Void Ray  
  125  7:39  Probe x2  
  125  7:43  Void Ray, Gateway  
  127  7:47  Gateway  
  127  7:48  Gateway, Charge (Chrono Boost)  
  135  7:59  Assimilator  
  135  8:02  Gateway  
  135  8:05  Gateway  
  135  8:07  Warp Prism (Chrono Boost), Templar Archives  
  137  8:21  Gateway  
  137  8:25  Gateway x2  
  137  8:26  Void Ray (Chrono Boost), Flux Vanes  
  141  8:31  Void Ray (Chrono Boost)  
  141  8:33  Gateway  
  141  8:34  Gateway  
  141  8:40  Void Ray (Chrono Boost)  
  149  8:46  Assimilator  
  149  8:48  Pylon x2  
  149  8:49  Pylon  
  149  8:52  Zealot x3  
  155  8:58  Pylon  
  155  9:00  Pylon  
  155  9:01  Pylon  
  155  9:05  Photon Cannon  
  155  9:07  Zealot x2, High Templar x2  
  163  9:11  Archon  
  163  9:13  Zealot x3  
  169  9:18  Pylon  
  169  9:19  Pylon  
  155  9:36  Carrier (Chrono Boost)  
  146  9:40  Carrier (Chrono Boost)  
  146  9:43  Carrier (Chrono Boost)  
  164  9:53  Protoss Air Weapons Level 2 (Chrono Boost)  
  164  10:07  Nexus  
  164  10:08  Pylon  
  164  10:11  Zealot  
  164  10:13  High Templar  
  164  10:14  High Templar x3  
  168  10:23  Archon  
  168  10:24  Archon, Protoss Ground Weapons Level 2 (Chrono Boost)  
  166  10:30  Blink  
  166  10:41  Zealot  
  168  10:43  Photon Cannon  
  168  10:45  Photon Cannon  
  168  10:46  Photon Cannon  
  168  10:48  Photon Cannon, Shield Battery  
  168  10:49  Carrier (Chrono Boost)  
  174  10:51  Zealot x3  
  174  10:52  Zealot, Pylon  
  174  10:55  Carrier (Chrono Boost)  
  188  11:05  Carrier (Chrono Boost)  
  194  11:17  Observer  
  191  11:22  Stalker  
  193  11:29  Assimilator  
  193  11:33  Assimilator  
  191  11:41  Mothership (Chrono Boost)  
  193  11:53  Shield Battery  
  189  12:04  Photon Cannon x2  
  189  12:06  Photon Cannon  
  189  12:08  Gateway, Pylon  
  189  12:12  Photon Cannon  
  189  12:13  Shield Battery  
  189  12:14  Shield Battery  
  189  12:16  Gateway  
  189  12:17  Gateway  
  189  12:20  Psionic Storm, Pylon  
  189  12:21  Immortal  
  193  12:27  Cybernetics Core, Protoss Air Weapons Level 3 (Chrono Boost)  
  193  12:35  Protoss Ground Weapons Level 3 (Chrono Boost)  
  193  12:38  High Templar x3  
  199  12:58  Photon Cannon  
  199  13:00  Photon Cannon  
  199  13:01  Photon Cannon  
  195  13:06  Photon Cannon  
  195  13:07  Pylon  
  195  13:13  Photon Cannon  
  195  13:15  Photon Cannon  
  195  13:26  Protoss Air Armor Level 1 (Chrono Boost)  
  191  13:57  Nexus  
  191  13:58  Pylon  
  191  14:00  Pylon  
  191  14:01  Stargate  
  191  14:03  Stargate  
  191  14:06  Stargate  
  187  14:26  Zealot x7  
  187  14:27  Assimilator  
  195  14:31  Assimilator  
  195  14:38  Shield Battery  
  195  14:40  Shield Battery  
  195  14:42  Photon Cannon x2, Shield Battery  
  195  14:43  Shield Battery  
  195  14:44  Photon Cannon x2  
  195  14:46  Photon Cannon  
  181  15:02  Zealot x9  
  199  15:18  Protoss Shields Level 1 (Chrono Boost)  
  189  15:29  Mothership (Chrono Boost)  
  189  15:34  High Templar x3  
  189  15:35  Photon Cannon  
  190  15:37  Photon Cannon  
  190  15:41  Void Ray x3 (Chrono Boost)  
  190  15:42  Photon Cannon  
  174  15:43  Photon Cannon  
  179  15:51  Void Ray (Chrono Boost)  
  179  15:56  Void Ray x2 (Chrono Boost)  
  179  15:59  High Templar  
  181  16:04  High Templar x2  
  181  16:05  High Templar  
  181  16:06  High Templar  
  181  16:09  Archon  
  189  16:14  Zealot  
  189  16:15  Archon  
  191  16:30  Protoss Air Armor Level 2 (Chrono Boost)  
  190  16:38  Zealot x5  
  192  17:10  Zealot x4  
  192  17:11  Zealot x3  
  194  17:34  Tempest x2  
  194  17:35  Tempest  
  193  17:55  Tempest x3  
  198  18:08  Protoss Shields Level 2 (Chrono Boost)  
  186  18:21  Oracle  
  186  18:22  Tempest  
  186  18:23  Tempest  
  186  18:24  Nexus  
  186  18:26  Pylon  
  193  18:27  Pylon  
  193  18:29  Zealot  
  195  18:35  Assimilator  
  195  18:40  Oracle  
  198  18:42  High Templar  
  198  18:47  Shield Battery  
  200  18:49  Shield Battery  
  200  18:50  Shield Battery  
  200  18:51  Shield Battery  
  198  19:00  Zealot  
  200  19:13  Photon Cannon  
  198  19:17  Shield Battery  
  190  19:41  Unknown  
  182  20:04  Immortal (Chrono Boost)  
  186  20:12  Nexus  
  186  20:14  Pylon  
  186  20:43  Nexus  
  186  20:49  Void Ray x3  
  186  20:54  Pylon  
  192  22:29  Photon Cannon  
  189  22:31  Photon Cannon  
  189  22:32  Photon Cannon, Oracle x2  
  195  22:40  Nexus  
  195  22:48  Pylon  
  195  22:51  Observer (Chrono Boost)  
  195  22:52  Pylon  
  196  23:09  Void Ray  
  196  23:10  Void Ray x3  
  196  23:44  Photon Cannon  
  196  23:45  Photon Cannon  
  196  23:47  Photon Cannon  
  192  23:49  Photon Cannon  
  192  23:51  Photon Cannon  
  192  23:53  Shield Battery  
  192  23:55  Shield Battery  
  180  23:57  Void Ray x4, Shield Battery  
  180  23:59  Photon Cannon  
  176  24:09  Stalker x8  
  196  24:10  Stalker x2  
  180  24:23  Void Ray x2 (Chrono Boost)  
  137  24:34  Void Ray x2 (Chrono Boost)  
  119  24:40  High Templar x8  
  119  24:42  High Templar x3  
  119  24:44  Void Ray (Chrono Boost)  
  118  24:46  Archon x4  
  118  24:47  Archon  
  112  24:53  Void Ray (Chrono Boost)  
  112  25:12  High Templar x6  
  112  25:13  High Templar x2  
  128  25:15  High Templar x3  
  128  25:16  Archon x2  
  128  25:17  Archon x2  
  128  25:19  Archon  
  149  25:37  Assimilator x2  
Show
View Real Time Build Order
Export as new Build Order

Lambo Zerg - Winner!

Build Orders: Hatch First, Brood Lord Corruptor 

Get SALT Encoding   

  12  0:00  Drone  
  13  0:13  Overlord  
  13  0:17  Drone  
  14  0:32  Drone x2  
  16  0:45  Drone  
  17  0:52  Hatchery  
  17  0:55  Drone  
  17  0:58  Drone  
  18  1:08  Extractor  
  17  1:14  Spawning Pool  
  17  1:16  Drone  
  17  1:22  Drone  
  18  1:30  Drone  
  19  1:42  Drone  
  20  1:57  Overlord  
  20  2:01  Queen  
  20  2:04  Queen  
  20  2:05  Drone  
  20  2:06  Zergling x2  
  26  2:12  Metabolic Boost  
  26  2:15  Drone  
  27  2:16  Drone  
  28  2:23  Drone  
  28  2:26  Drone  
  30  2:37  Hatchery  
  30  2:39  Drone  
  30  2:43  Drone  
  31  2:48  Drone, Overlord  
  32  2:54  Queen  
  34  2:59  Drone  
  34  3:02  Drone  
  36  3:06  Queen  
  36  3:09  Overlord  
  36  3:12  Drone  
  39  3:13  Drone  
  39  3:15  Drone  
  41  3:20  Drone  
  41  3:22  Overlord  
  41  3:25  Drone x2  
  44  3:32  Queen  
  44  3:33  Drone x2  
  48  3:37  Overlord  
  48  3:42  Drone  
  48  3:45  Drone x2  
  48  3:46  Drone  
  52  3:49  Queen  
  52  3:54  Drone x3  
  52  3:55  Drone  
  58  3:58  Spore Crawler  
  58  4:00  Zergling x2  
  58  4:04  Drone x2  
  58  4:09  Overlord  
  60  4:13  Overlord x2  
  60  4:15  Drone x2  
  62  4:19  Spore Crawler  
  61  4:25  Overlord x2  
  61  4:28  Overlord  
  61  4:29  Overlord  
  61  4:32  Drone x3  
  61  4:36  Drone x2  
  61  4:37  Drone x2  
  68  4:44  Drone, Roach Warren  
  68  4:45  Drone  
  69  4:46  Lair  
  69  4:50  Queen, Extractor x2  
  69  4:56  Drone x5  
  69  4:59  Drone x2  
  75  5:02  Drone x2  
  75  5:03  Drone  
  75  5:05  Drone x2  
  79  5:07  Drone x2  
  79  5:09  Spore Crawler  
  79  5:10  Drone  
  81  5:14  Extractor x2  
  81  5:17  Spore Crawler  
  81  5:18  Drone x3  
  81  5:25  Evolution Chamber, Extractor  
  81  5:28  Queen  
  81  5:29  Drone x2  
  81  5:33  Zergling x6  
  86  5:37  Hatchery, Queen  
  86  5:38  Overlord  
  86  5:40  Zergling x2  
  88  5:43  Drone x4  
  88  5:47  Drone  
  88  5:48  Glial Reconstitution  
  93  5:51  Zerg Missile Weapons Level 1, Infestation Pit  
  93  5:53  Drone  
  93  5:55  Drone x2  
  95  5:59  Spire  
  95  6:00  Overseer  
  95  6:01  Zergling x2  
  95  6:07  Drone x5  
  95  6:08  Drone  
  102  6:15  Drone x4  
  106  6:20  Queen  
  106  6:21  Drone x2  
  106  6:25  Drone x4  
  112  6:27  Drone  
  112  6:29  Hive  
  111  6:33  Infestor  
  111  6:34  Overlord x2  
  111  6:36  Drone  
  114  6:44  Overlord x2  
  114  6:45  Overlord, Extractor  
  114  6:46  Drone  
  114  6:47  Extractor  
  114  6:48  Queen  
  114  6:50  Overlord  
  114  6:51  Overlord  
  114  6:52  Overlord  
  114  6:53  Spore Crawler  
  114  6:55  Overlord  
  114  7:00  Drone x3, Baneling Nest  
  116  7:04  Drone x4  
  116  7:05  Overseer  
  116  7:06  Queen  
  122  7:09  Drone  
  122  7:14  Drone  
  124  7:17  Drone  
  124  7:21  Hatchery  
  124  7:23  Queen, Spore Crawler  
  124  7:24  Infestor, Queen  
  124  7:25  Infestor  
  124  7:28  Overlord  
  124  7:29  Drone x2  
  133  7:40  Drone x5  
  133  7:42  Queen x2  
  133  7:43  Roach x4  
  150  7:45  Centrifugal Hooks  
  150  7:46  Greater Spire  
  150  7:48  Viper  
  153  7:56  Roach x5, Spore Crawler  
  162  8:00  Viper  
  165  8:13  Corruptor  
  165  8:14  Corruptor x3  
  165  8:16  Spore Crawler x3  
  165  8:17  Spore Crawler, Zerg Melee Weapons Level 1  
  165  8:19  Corruptor, Spore Crawler  
  168  8:22  Drone x2, Evolution Chamber  
  171  8:33  Drone x3  
  171  8:34  Extractor  
  173  8:36  Extractor  
  173  8:38  Spine Crawler  
  173  8:39  Corruptor x2  
  173  8:41  Drone x2  
  177  8:48  Overseer  
  177  8:49  Spore Crawler  
  177  8:50  Spore Crawler  
  177  8:51  Spore Crawler  
  177  8:52  Spore Crawler x2  
  177  8:54  Spore Crawler  
  171  9:00  Zerg Ground Armor Level 1  
  171  9:01  Brood Lord  
  171  9:02  Brood Lord x4  
  182  9:10  Drone x2, Overseer  
  182  9:14  Spore Crawler  
  182  9:18  Spore Crawler  
  182  9:19  Drone  
  182  9:21  Roach x4  
  181  9:36  Brood Lord x2  
  173  9:38  Corruptor x6  
  173  9:44  Spore Crawler  
  184  9:45  Spore Crawler  
  184  9:46  Spore Crawler  
  184  9:47  Zerg Flyer Weapons Level 1  
  184  9:51  Spire  
  181  9:53  Zergling x14, Ultralisk Cavern  
  181  9:58  Spine Crawler  
  181  9:59  Drone x4  
  190  10:00  Spine Crawler  
  190  10:01  Spine Crawler  
  190  10:02  Spine Crawler  
  190  10:03  Spine Crawler  
  190  10:04  Pneumatized Carapace  
  186  10:12  Zerg Melee Weapons Level 2  
  185  10:25  Brood Lord  
  185  10:27  Pathogen Glands  
  187  10:31  Drone x2  
  187  10:32  Drone x3  
  187  10:34  Drone x2, Overlord  
  194  10:36  Spore Crawler x4  
  194  10:38  Overlord  
  194  10:42  Overseer  
  190  10:44  Drone x8  
  198  10:54  Chitinous Plating  
  198  10:56  Spore Crawler  
  198  10:57  Spore Crawler x3  
  196  10:58  Spore Crawler x2  
  196  10:59  Baneling x3  
  196  11:00  Spore Crawler  
  196  11:01  Spore Crawler  
  196  11:03  Spore Crawler  
  181  11:06  Zerg Ground Armor Level 2  
  181  11:11  Ultralisk x2  
  189  11:15  Overseer  
  189  11:17  Zerg Flyer Armor Level 1  
  187  11:27  Spore Crawler x3  
  187  11:29  Spore Crawler  
  187  11:32  Ultralisk  
  189  11:54  Zerg Flyer Weapons Level 2  
  189  11:57  Corruptor x5  
  199  12:13  Hatchery  
  199  12:15  Spore Crawler  
  197  12:16  Anabolic Synthesis, Spore Crawler  
  197  12:17  Spore Crawler  
  197  12:19  Spore Crawler  
  197  12:20  Overlord  
  197  12:21  Overlord  
  194  12:25  Brood Lord  
  194  12:26  Corruptor x2  
  200  12:35  Zerg Melee Weapons Level 3  
  200  12:36  Neural Parasite  
  200  12:37  Burrow  
  200  13:11  Overseer  
  200  13:12  Overseer  
  192  13:23  Corruptor x4  
  200  14:10  Zerg Flyer Weapons Level 3, Zerg Flyer Armor Level 2  
  200  14:11  Zerg Ground Armor Level 3  
  200  14:17  Extractor x2  
  198  14:25  Overlord  
  198  14:26  Overlord  
  198  14:33  Drone x2  
  200  14:44  Spore Crawler  
  199  14:46  Spore Crawler x2  
  199  14:47  Spore Crawler  
  199  14:48  Spore Crawler  
  185  15:26  Drone x10  
  187  15:33  Drone x6  
  193  15:54  Viper x2  
  199  16:01  Extractor  
  199  16:02  Spore Crawler  
  199  16:03  Spore Crawler  
  196  16:05  Drone x3  
  199  16:19  Zerg Missile Weapons Level 2  
  199  16:21  Spore Crawler x2  
  199  16:22  Spore Crawler  
  199  16:23  Spore Crawler x2  
  199  16:24  Spore Crawler  
  199  16:25  Infestor x3  
  193  16:26  Spore Crawler  
  193  16:27  Spore Crawler x2  
  196  16:44  Hatchery, Extractor  
  194  16:47  Corruptor x3, Extractor  
  197  17:16  Corruptor  
  197  17:43  Overseer x4  
  197  17:48  Corruptor  
  197  17:58  Overseer  
  191  18:07  Drone x6  
  191  18:09  Infestor x2  
  196  18:12  Hatchery  
  196  18:14  Drone x8, Extractor  
  197  18:20  Zerg Flyer Armor Level 3  
  197  18:37  Spine Crawler  
  197  18:39  Spine Crawler x3  
  197  18:40  Spine Crawler  
  192  18:41  Corruptor, Spine Crawler  
  192  18:42  Corruptor x3  
  200  18:50  Zerg Missile Weapons Level 3  
  200  18:52  Drone  
  200  19:05  Overseer  
  200  19:06  Overseer  
  196  19:50  Infestor  
  194  20:01  Spore Crawler  
  194  20:02  Brood Lord x2, Spore Crawler x3  
  194  20:03  Spore Crawler x2  
  194  20:04  Spore Crawler  
  187  20:09  Zergling x20  
  197  20:14  Drone  
  197  20:16  Infestor  
  200  20:42  Viper  
  194  21:49  Overlord x2  
  194  21:51  Overlord  
  194  21:53  Overlord  
  194  21:58  Overlord x2  
  194  21:59  Overlord x3  
  180  22:14  Corruptor x3  
  180  22:15  Corruptor x4  
  198  22:19  Infestor  
  194  22:36  Ultralisk  
  193  22:52  Ultralisk  
  199  23:18  Lair  
  199  23:22  Infestation Pit  
  199  23:23  Hatchery  
  199  23:26  Corruptor  
  195  23:52  Corruptor x8  
  151  24:25  Corruptor x5  
  151  24:26  Zergling x26  
  166  24:41  Ultralisk x2  
  166  24:43  Overlord x3  
  166  24:44  Queen  
  178  24:50  Queen  
  172  24:53  Overlord  
  172  24:55  Overlord x2  
  172  24:56  Hatchery  
  172  24:58  Extractor  
  172  24:59  Extractor  
  169  25:04  Brood Lord x8  
  185  25:17  Drone x3  
  185  25:18  Drone x3  
  185  25:19  Drone  
  198  25:25  Zergling x6  

Tags
 
Add a new tag
Caveats
  • Supply blocks, unpowered buildings, or Contaminate may cause inaccurate times.
  • Supply counts are checked every 10 seconds.